 Dungeon Crawl Stone Soup version 0.30.0-10-gfe55d96785 (webtiles) character file.

Game seed: 13923933391412258620

2398 Kaboulah the Ducker (level 9, 0/46 HPs)
             Began as a Spriggan Hunter on May 8, 2023.
             Was a Believer of Dithmenos.
             Killed from afar by a steam dragon (24 damage)
             ... with a ball of steam
             ... on level 7 of the Dungeon on May 13, 2023.
             The game lasted 01:16:29 (6750 turns).

Kaboulah the Ducker (Spriggan Hunter)               Turns: 6750, Time: 01:16:29

Health: 0/46       AC:  5    Str:  7    XL:     9   Next: 23%
Magic:  15/15      EV: 23    Int: 11    God:    Dithmenos [**....]
Gold:   386        SH:  0    Dex: 22    Spells: 15/15 levels left

rFire   . . .        a - +0 shortbow
rCold   . . .        (shield currently unavailable)
rNeg    . . .        c - +0 robe
rPois   .            (helmet restricted)
rElec   .            f - +2 cloak
rCorr   +            (gloves unavailable)
SInv    +            (boots unavailable)
Will    +....        e - amulet of regeneration
Stlth   ++++         B - ring of flight
HPRegen 1.07/turn    C - ring of resist corrosion
MPRegen 0.14/turn

%: no passive effects
@: flying, wreathed by umbra, studying Armour, very quick
A: very small, no large weapons, unfitting armour, see invisible, speed 3
a: Renounce Religion, Shadow Step


You were on level 7 of the Dungeon.
You worshipped Dithmenos.
Dithmenos was pleased with you.
You visited 1 branch of the dungeon, and saw 7 of its levels.
You also visited: Ossuary.

You collected 386 gold pieces.

Inventory:

Hand Weapons
 a - a +0 shortbow (weapon)
Armour
 c - a +0 robe (worn)
 f - a +2 cloak (worn)
Jewellery
 e - an amulet of regeneration (around neck)
 B - a ring of flight (left hand)
 C - a ring of resist corrosion (right hand)
Wands
 t - a wand of digging (5)
 u - a wand of flame (16)
 y - a wand of paralysis (6)
Scrolls
 b - 2 scrolls of immolation
 d - 5 scrolls of teleportation
 i - 2 scrolls of vulnerability {unknown}
 k - 3 scrolls of amnesia {unknown}
 p - 3 scrolls of fog {unknown}
 r - a scroll of blinking {unknown}
 s - 2 scrolls of enchant armour {unknown}
 v - a scroll of noise {unknown}
 w - 2 scrolls of acquirement {unknown}
 x - a scroll of enchant weapon {unknown}
 z - a scroll of magic mapping {unknown}
Potions
 g - a potion of attraction {unknown}
 h - 3 potions of brilliance
 j - 2 potions of flight
 l - 5 potions of heal wounds
 m - a potion of berserk rage {unknown}
 n - 6 potions of curing
 o - 2 potions of might
 q - 2 potions of ambrosia
 A - a potion of magic {unknown}


   Skills:
 * Level 4.6 Fighting
 * Level 6.7 Ranged Weapons
 * Level 7.4 Dodging
 - Level 5.0 Stealth
 + Level 3.7 Spellcasting
 + Level 3.9 Hexes
 * Level 3.8 Summonings
 + Level 3.1 Invocations


You had 15 spell levels left.
You didn't know any spells.
Your spell library contained the following spells:

 Spells                   Type           Power      Damage    Failure   Level
 Call Canine Familiar     Summ           10%        N/A       16%         3
 Portal Projectile        Hex/Tloc       12%        N/A       32%         3
 Blink                    Tloc           4%         N/A       36%         2
 Cigotuvi's Dreadful Rot  Necr/Pois/Air  4%         N/A       36%         2
 Lesser Beckoning         Tloc           4%         N/A       36%         2
 Momentum Strike          Conj/Tloc      4%         3d8       36%         2
 Hailstorm                Conj/Ice       2%         3d3       58%         3
 Volatile Blastmotes      Fire/Tloc      4%         2d10      58%         3
 Fulminant Prism          Conj/Hex       3%         3d5       73%         4
 Leda's Liquefaction      Hex/Erth       3%         N/A       73%         4
 Ice Form                 Ice/Tmut       2%         N/A       94%         4
 Iskenderun's Mystic Bla  Conj/Tloc      2%         2d3       94%         4
 Metabolic Englaciation   Hex/Ice        3%         N/A       97%         5
 Lee's Rapid Deconstruct  Erth           1%         3d4*      100%        5
 Simulacrum               Ice/Necr       1%         N/A       100%        6
 Statue Form              Tmut/Erth      1%         N/A       100%        6
 Borgnjor's Revivificati  Necr           1%         N/A       100%        8


Dungeon Overview and Level Annotations

Branches:
Dungeon (7/15)             Temple (0/1) D:6         Ossuary (visited)

Altars:
Dithmenos
Kikubaaqudgha
Trog
Uskayaw

Shops:
D:1 :   D:5 :

Annotations:
D:5 3 runed translucent doors, Inkenn's ghost, novice GrFi; ProzacElf's ghost, amateur AtFi; Smithgift's ghost, novice MiBe; hikkokomori's ghost, weakling DgDe


Innate Abilities, Weirdness & Mutations

You are very small and have problems with some larger weapons.
You are too small for most types of armour.
You have supernaturally acute eyesight. (SInv)
You cover ground extremely quickly. (Speed+++)


Message History

Fire: a) +0 shortbow
Press: ? - help, Q - select action, (/) - cycle Shift-Dir - straight line, f/p - steam dragon
Aim: a steam dragon (moderately wounded, wandering, hasn't noticed you, 68% to hit)
You shoot an arrow. The arrow hits the steam dragon!
The steam dragon is severely wounded.
Fire: a) +0 shortbow
Press: ? - help, Q - select action, (/) - cycle Shift-Dir - straight line, f/p - steam dragon
Aim: a steam dragon (severely wounded, 68% to hit)
You shoot an arrow.
The arrow barely misses the steam dragon.
Fire: a) +0 shortbow
Press: ? - help, Q - select action, (/) - cycle Shift-Dir - straight line, f/p - steam dragon
Aim: a steam dragon (severely wounded, 68% to hit)
You shoot an arrow.
The arrow hits the steam dragon but does no damage.
The steam dragon is severely wounded.
Fire: a) +0 shortbow
Press: ? - help, Q - select action, (/) - cycle Shift-Dir - straight line, f/p - steam dragon
Aim: a steam dragon (severely wounded, umbra, 68% to hit)
You shoot an arrow. The arrow hits the steam dragon.
The steam dragon is almost dead.
The steam dragon breathes steam at you. The ball of steam hits you!
You are engulfed in a cloud of scalding steam.
Fire: a) +0 shortbow
Press: ? - help, Q - select action, (/) - cycle Shift-Dir - straight line, f/p - steam dragon
Aim: a steam dragon (almost dead, 68% to hit)
You shoot an arrow. The arrow hits the steam dragon.
The steam dragon is almost dead.
The steam dragon breathes steam at you. The ball of steam hits you!
Fire: a) +0 shortbow
Press: ? - help, Q - select action, (/) - cycle Shift-Dir - straight line, f/p - steam dragon
Aim: a steam dragon (steam, almost dead, 68% to hit)
You shoot an arrow.
The arrow closely misses the steam dragon.
The steam dragon breathes steam at you. The ball of steam hits you!!
Ouch! That really hurt!
You die...

#>#### ##.## ... #
#.#.## ...#.
.###.### ....# ##
##..###### #.#.#
.###.#......#
#.#.###
#.#.#######.#
#..... ##.## #.#
#.#.# #.# ##†# #.#
#.@.# #.. ##.#
#.####§## #D# ##.#
#...##§# #.#
##<##########>##.#
#.#
...........##.##§#
#§#
.#.#######.##.##.#
#§# .#.# #.#.#.#D#
#§#
.#.#######..###.§#
#§# .#.........##
##.########.#


There were no monsters in sight!

Vanquished Creatures
  2 water moccasins (D:7)
  2 ice beasts
  An orc warrior (D:3)
  A black bear (D:6)
  2 ogres (D:5)
  A phantom (D:6)
  A kobold brigand (D:6)
  Blork the orc (D:5)
  A bullfrog (D:6)
  4 scorpions
  6 water moccasin zombies (Ossuary)
  2 howler monkeys
  3 orc priests
  A gnoll bouda (D:5)
  A hound (D:6)
  3 jellies (D:5)
  4 iguanas
  4 orc wizards
  A sleepcap (D:7)
  2 mummies (Ossuary)
  Robin (D:3)
  A gnoll (D:5)
  7 adders
  A white imp (D:5)
  An adder zombie (Ossuary)
  4 worms
  3 dart slugs
  20 orcs
  3 bats
  4 endoplasms
  3 giant cockroaches
  2 gnoll zombies (Ossuary)
  16 goblins
  7 hobgoblins
  8 jackals
  6 quokkas
  4 ball pythons
  11 frilled lizards
  2 hobgoblin zombies (Ossuary)
  9 kobolds
  6 kobold zombies (Ossuary)
  3 orc zombies (Ossuary)
  4 rats (D:3)
169 creatures vanquished.

Notes
Turn   | Place    | Note
-------+----------+-------------------------------------------
     0 | D:1      | Kaboulah the Spriggan Hunter began the quest for the Orb.
     0 | D:1      | Reached XP level 1. HP: 10/10 MP: 2/2
    82 | D:1      | Reached skill level 3 in Dodging
   115 | D:1      | Found Varick's Book Shop.
   129 | D:1      | Reached XP level 2. HP: 15/15 MP: 3/3
   615 | D:1      | Reached XP level 3. HP: 18/18 MP: 4/4
   722 | D:2      | Identified the +1 ring mail "Jotosm" {rCorr Int-3 Dex+3}
  1689 | D:3      | Noticed Robin
  1800 | D:3      | Reached XP level 4. HP: 23/23 MP: 5/5
  1890 | D:3      | Reached skill level 4 in Dodging
  1934 | D:3      | Killed Robin
  2126 | D:3      | Found a bloodstained altar of Trog.
  2133 | D:3      | Found an ancient bone altar of Kikubaaqudgha.
  2140 | D:3      | Found a shadowy altar of Dithmenos.
  2144 | D:3      | Became a worshipper of Dithmenos the Shadowed
  2387 | D:4      | Noticed a scorpion
  2432 | D:4      | Noticed an orc warrior
  2670 | D:3      | Killed an orc warrior
  2671 | D:3      | Reached skill level 1 in Spellcasting
  2671 | D:3      | Reached skill level 1 in Hexes
  2671 | D:3      | Reached skill level 1 in Summonings
  2671 | D:3      | Reached XP level 5. HP: 27/27 MP: 7/7
  3224 | D:4      | Reached skill level 5 in Ranged Weapons
  3224 | D:4      | Reached skill level 1 in Invocations
  3224 | D:4      | Reached XP level 6. HP: 32/32 MP: 9/9
  3276 | D:4      | Identified the +5 mace of the Vanishing Visions {flame,
                  | rElec}
  3485 | D:5      | Entered Level 5 of the Dungeon
  3558 | D:5      | Got the Annotations on Macabre Beguiling
  3589 | D:5      | Reached * piety under Dithmenos
  3650 | D:5      | Reached skill level 5 in Dodging
  3675 | D:5      | Found Limun's Tiny Tomes.
  3682 | D:5      | Noticed Blork the orc
  3696 | D:5      | Killed Blork the orc
  3780 | D:5      | Found a runed translucent gate.
  3780 | D:5      | Found a runed translucent gate.
  3780 | D:5      | Found a runed translucent gate.
  3780 | D:5      | Noticed hikkokomori's ghost (weakling DgDe)
  3781 | D:5      | Noticed Smithgift's ghost (novice MiBe)
  3781 | D:5      | Noticed Inkenn's ghost (novice GrFi)
  3781 | D:5      | Noticed ProzacElf's ghost (amateur AtFi)
  3818 | D:5      | Noticed an ice beast
  3860 | D:5      | Reached XP level 7. HP: 36/36 MP: 10/10
  4875 | D:6      | Reached skill level 6 in Dodging
  4875 | D:6      | Reached XP level 8. HP: 14/41 MP: 12/12
  4996 | D:6      | You fall into a shaft and drop 1 floor!
  5136 | D:6      | Reached ** piety under Dithmenos
  5397 | D:6      | Noticed a +0 hand axe
  5401 | D:6      | Noticed a +0 dagger
  5406 | D:6      | Found a hide-covered altar of Uskayaw.
  5431 | D:6      | Found a staircase to the Ecumenical Temple.
  5472 | D:6      | Found a sand-covered staircase.
  5481 | Ossuary  | Entered an ossuary
  5484 | Ossuary  | Upgraded the game from 0.30.0-3-ga4e48a9924 to
                  | 0.30.0-10-gfe55d96785
  5850 | D:6      | Reached skill level 7 in Dodging
  6184 | D:7      | Reached XP level 9. HP: 46/46 MP: 15/15
  6192 | D:7      | Reached skill level 5 in Stealth
  6750 | D:7      | Killed from afar by a steam dragon

Illustrated notes

Levels and vault maps discovered:
D:1:      amcnicky_arrival_flooded_fountain, layout_basic, serial_shops, shop,
          supply_closet_lemuel, corexii_leaking_fountain,
          hangedman_decor_riveting, grunt_decor_cap, minmay_misc_feat_room
D:2:      layout_loops_corners, hangedman_abyss_or_decor_lesser_grid
D:3:      layout_rooms, grunt_temple_overflow_diamond, dk_vineyard_2,
          minmay_lizard_king, uniq_robin
D:4:      layout_gridville, minmay_parallelograms, minmay_manual_moon
D:5:      layout_basic, gammafunk_ghost_cemetery,
          nicolae_shop_i_like_small_books_too, minmay_fractal_squares_gapless_5,
          uniq_blork_the_orc
D:6:      layout_basic, dancing_weapons_uskayaw,
          minmay_temple_entry_enclosed_plants, enter_ossuary_1
D:7:      layout_loops_ring, nicolae_overflow_hidden_temple

Skill      XL: |  1  2  3  4  5  6  7  8  9 |
---------------+----------------------------+-----
Dodging        | 3 4 5 6 7 |  7.4
Fighting       | 2 3 4 |  4.6
Stealth        | 2 3 4 5 |  5.0
Spellcasting   | 1 2 3 |  3.7
Hexes          | 1 2 3 |  3.9
Summonings     | 1 2 3 |  3.8
Ranged Weapons | 5 6 |  6.7
Invocations    | 1 2 3 |  3.1

Action                     |  1- 3 |  4- 6 |  7- 9 || total
---------------------------+-------+-------+-------++-------
   Fire: Shortbow          |   139 |   202 |   415 ||   756
    Use: Scroll            |       |     4 |     4 ||     8
 Armour: Robe              |     4 |     8 |    13 ||    25
  Dodge: Dodged            |    50 |    50 |   166 ||   266
